Map: Incorporeal LE

Players

macroplayer

  • Race: Zerg Zerg
  • League: Grandmaster
  • Spawn Location: 11:00

SpeCial - Winner!

  • Race: Terran Terran
  • League: Master
  • Spawn Location: 5:00

VOD

Have the link to the VOD?

Description

Time

  • Played on: Sept. 20, 2025, 7:12 p.m.
  • Length: 8:01
Show
View Real Time Build Order
Export as new Build Order

macroplayer Zerg 

Build Orders: Hatch First 

Get SALT Encoding   

  12  0:00  Drone  
  13  0:07  Drone  
  14  0:14  Extractor, Drone  
  15  0:21  Overlord  
  15  0:40  Drone  
  16  0:45  Hatchery  
  16  0:49  Drone  
  16  0:51  Drone  
  16  0:56  Drone  
  18  1:06  Extractor  
  17  1:11  Spawning Pool  
  17  1:13  Drone  
  17  1:17  Drone  
  18  1:26  Drone  
  19  1:38  Drone  
  20  1:48  Overlord  
  20  1:58  Queen x2  
  20  1:59  Zergling x4  
  26  2:10  Drone x2  
  28  2:21  Hatchery  
  27  2:27  Spore Crawler  
  27  2:29  Drone  
  27  2:36  Metabolic Boost  
  28  2:38  Drone x2  
  30  2:45  Overlord, Drone  
  30  2:51  Drone  
  32  2:53  Queen  
  34  3:00  Drone x2  
  36  3:07  Queen  
  36  3:11  Drone x2  
  36  3:12  Drone  
  41  3:14  Zergling x2  
  41  3:15  Zergling x2  
  41  3:19  Overlord  
  43  3:27  Drone  
  44  3:28  Overlord  
  44  3:33  Queen  
  46  3:38  Queen  
  46  3:41  Zergling x2  
  49  3:43  Drone x2  
  49  3:46  Drone  
  49  3:47  Drone  
  53  3:54  Drone x3  
  56  3:56  Overlord  
  56  4:00  Zergling x4  
  56  4:02  Drone  
  59  4:11  Zergling x4  
  59  4:12  Overlord  
  59  4:13  Drone x3  
  64  4:18  Lair  
  64  4:20  Spore Crawler  
  64  4:21  Drone  
  64  4:26  Spore Crawler, Drone  
  64  4:28  Spore Crawler  
  64  4:29  Zergling x2  
  64  4:32  Drone x2  
  64  4:37  Baneling Nest, Extractor  
  64  4:40  Drone  
  64  4:41  Drone x2  
  64  4:43  Overlord  
  67  4:46  Drone x2  
  67  4:47  Drone  
  67  4:49  Drone  
  71  5:00  Drone x3  
  71  5:02  Overlord, Extractor  
  71  5:03  Overlord  
  71  5:04  Drone  
  71  5:05  Drone x3  
  71  5:06  Drone  
  79  5:14  Drone  
  79  5:16  Zergling x4  
  79  5:18  Extractor  
  80  5:21  Overseer  
  80  5:22  Centrifugal Hooks  
  80  5:23  Drone x2  
  80  5:24  Drone x2  
  80  5:25  Evolution Chamber  
  80  5:26  Evolution Chamber  
  80  5:27  Extractor  
  81  5:33  Drone  
  81  5:34  Drone  
  81  5:35  Drone  
  84  5:42  Hatchery, Drone x3  
  86  5:43  Drone x3  
  86  5:46  Extractor  
  88  5:51  Zerg Ground Armor Level 1  
  88  5:52  Zerg Melee Weapons Level 1  
  88  5:53  Zergling x6  
  88  5:56  Overseer  
  91  6:05  Drone  
  91  6:06  Drone x6  
  91  6:07  Overlord x2  
  91  6:09  Overlord  
  98  6:17  Hydralisk Den, Drone  
  97  6:25  Overlord, Zergling x8  
  98  6:29  Drone  
  98  6:32  Zergling x2  
  100  6:34  Zergling x6  
  100  6:38  Zergling x6  
  106  6:40  Zergling x2  
  106  6:43  Zergling x4  
  101  6:48  Muscular Augments, Hydralisk  
  102  6:55  Drone  
  102  6:56  Drone  
  102  6:57  Lurker Den  
  102  7:00  Zergling x2  
  101  7:03  Baneling x12  
  101  7:04  Zergling x10  
  101  7:05  Hatchery  
  105  7:13  Hydralisk  
  107  7:17  Drone x2  
  107  7:21  Zergling x2  
  107  7:22  Zergling x4  
  112  7:23  Hatchery  
  112  7:26  Zergling x4  
  113  7:32  Zergling x8  
  113  7:36  Hydralisk  
Show
View Real Time Build Order
Export as new Build Order

SpeCial Terran - Winner!

Build Orders: Reaper Expand 

Get SALT Encoding   

  12  0:00  SCV  
  13  0:12  SCV  
  14  0:17  Supply Depot  
  14  0:24  SCV  
  15  0:38  SCV  
  15  0:40  Barracks  
  16  0:43  Refinery  
  16  0:50  SCV  
  17  1:03  SCV  
  18  1:15  SCV  
  19  1:27  Orbital Command, Reaper  
  20  1:39  Command Center  
  20  1:47  Supply Depot  
  20  1:54  SCV  
  20  1:59  Marine  
  22  2:06  SCV  
  23  2:09  Factory  
  23  2:18  SCV  
  23  2:20  Barracks Reactor  
  24  2:30  SCV  
  24  2:36  Command Center  
  25  2:44  SCV  
  26  2:52  Orbital Command  
  26  2:56  SCV  
  26  2:58  Starport  
  27  3:05  Refinery  
  27  3:08  SCV  
  27  3:12  Hellion x2  
  32  3:15  Barracks Tech Lab  
  32  3:19  SCV  
  33  3:20  SCV  
  34  3:31  SCV  
  34  3:32  SCV  
  34  3:33  Hellion  
  34  3:34  Hellion  
  40  3:41  Banshee  
  40  3:42  Barracks Tech Lab  
  40  3:44  SCV  
  40  3:45  SCV  
  45  3:51  Orbital Command  
  45  3:57  SCV x2  
  47  4:03  Marine  
  47  4:05  Barracks  
  47  4:06  Barracks  
  47  4:07  Factory Reactor  
  48  4:10  SCV  
  48  4:11  SCV  
  48  4:13  Stimpack  
  50  4:17  SCV  
  50  4:20  Supply Depot  
  50  4:23  SCV  
  50  4:24  Marine  
  52  4:25  SCV  
  52  4:29  SCV  
  55  4:35  Starport Reactor, SCV  
  55  4:36  Refinery  
  55  4:37  SCV, Refinery  
  57  4:41  SCV  
  57  4:42  Marine  
  57  4:44  Supply Depot  
  59  4:47  SCV  
  59  4:49  SCV  
  61  4:53  SCV  
  61  4:59  Orbital Command, SCV  
  63  5:02  Engineering Bay x2  
  63  5:04  Marine x2  
  63  5:05  Marine x3  
  63  5:06  SCV  
  70  5:07  Supply Depot  
  70  5:10  Orbital Command  
  70  5:11  SCV  
  70  5:16  Medivac  
  70  5:17  Supply Depot  
  70  5:18  Medivac  
  70  5:19  SCV  
  75  5:22  Marine x2  
  77  5:28  Marine x3  
  77  5:29  SCV  
  77  5:31  SCV  
  77  5:34  Siege Tank  
  85  5:37  Terran Infantry Weapons Level 1, Terran Infantry Armor Level 1  
  85  5:40  Marine x2  
  85  5:41  SCV x2  
  89  5:43  SCV  
  89  5:46  Marine x3  
  93  5:53  Barracks  
  93  5:55  Barracks  
  93  5:59  Supply Depot  
  93  6:01  Supply Depot  
  93  6:02  Combat Shield  
  93  6:05  Supply Depot  
  93  6:12  SCV x3, Medivac, Marine x3  
  101  6:20  Medivac  
  101  6:21  Siege Tank  
  101  6:23  Supply Depot  
  101  6:24  SCV x3  
  108  6:27  Marine x2  
  108  6:30  Supply Depot, Marine x2  
  112  6:36  SCV x3  
  112  6:38  Marine  
  112  6:39  Supply Depot  
  116  6:40  Armory  
  116  6:41  Barracks Reactor  
  116  6:42  Barracks Reactor  
  116  6:44  Marine  
  116  6:45  Supply Depot, Marine  
  118  6:47  Marine  
  118  6:48  SCV x2, Refinery  
  118  6:49  Medivac  
  118  6:50  Medivac  
  118  6:52  Marine  
  126  6:56  Marine  
  127  7:02  Marine x2  
  127  7:05  Marine  
  127  7:07  SCV x2  
  132  7:08  Supply Depot  
  132  7:10  Sensor Tower, Marine  
  132  7:12  Factory  
  132  7:13  Marine  
  134  7:18  Marine  
  134  7:19  Supply Depot x2, Marine  
  134  7:20  Marine x3  
  134  7:22  Marine  
  140  7:23  Marine  
  140  7:26  Siege Tank  
  140  7:27  Marine  
  145  7:31  Marine  
  145  7:35  Marine  
  147  7:37  Marine  
  147  7:38  Marine x3  
  147  7:55  Command Center  
Tags
 
Add a new tag
Caveats
  • Supply blocks, unpowered buildings, or Contaminate may cause inaccurate times.
  • Supply counts are checked every 10 seconds.